 Dungeon Crawl Stone Soup version 0.22-a0-567-gff9aefc (webtiles) character file.

148 inc the Conjurer (level 5, -1/31 HPs)
             Began as an Octopode Fire Elementalist on June 29, 2018.
             Slain by an orc priest
             ... wielding a +0 falchion
              (4 damage)
             ... on level 3 of the Dungeon.
             The game lasted 00:04:18 (2619 turns).

inc the Conjurer (Octopode Fire Elementalist)       Turns: 2619, Time: 00:04:19

Health: -1/31      AC:  1    Str:  7    XL:     5   Next: 30%
Magic:  1/9        EV: 13    Int: 18    God:
Gold:   108        SH:  0    Dex: 13    Spells: 6/10 levels left

rFire    . . .     SeeInvis .   k - +0 dagger (venom)
rCold    . . .     Gourm    .   (no shield)
rNeg     . . .     Faith    .   (helmet restricted)
rPois    .         Spirit   .   (no amulet)
rElec    .         Reflect  .   (no ring)
rCorr    .         Harm     .   (no ring)
MR       .....                  (no ring)
Stlth    +++.......             (no ring)
HPRegen  0.10/turn              (no ring)
MPRegen  0.11/turn              (no ring)
                                (no ring)
                                (no ring)

@: very slightly contaminated
A: almost no armour, stealthy swim, amphibious, 8 rings, constrict 8, camouflage
1, gelatinous body 1
a: no special abilities


You were on level 3 of the Dungeon.
You were not hungry.

You visited 1 branch of the dungeon, and saw 3 of its levels.

You collected 108 gold pieces.

Inventory:

Hand Weapons
 g - a +0 dagger
 k - a +0 dagger of venom (weapon)
Scrolls
 c - 2 scrolls of enchant weapon {unknown}
 d - 3 scrolls of teleportation
 e - a scroll of fear {unknown}
 f - a scroll of blinking {unknown}
 j - 2 scrolls of remove curse {unknown}
 n - a scroll of noise {unknown}
 p - 2 scrolls of identify {unknown}
Potions
 a - a potion of resistance {unknown}
 h - a potion of haste {unknown}
 i - a potion of heal wounds
 l - 2 potions of curing {unknown}
 m - a potion of lignification {unknown}
 o - a potion of magic {unknown}
Comestibles
 b - 3 rations
 q - 3 chunks of flesh


   Skills:
 - Level 2.0 Dodging
 - Level 2.6 Stealth
 + Level 3.0 Spellcasting
 - Level 4.1 Conjurations
 - Level 3.2 Fire Magic


You had 6 spell levels left.
You knew the following spells:

 Your Spells              Type           Power        Failure   Level  Hunger
a - Flame Tongue          Conj/Fire      ###..        3%          1    None
b - Conjure Flame         Conj/Fire      ###.....     11%         3    ###....

Your spell library contained the following spells:

 Spells                   Type           Power        Failure   Level  Hunger
 Fireball                 Conj/Fire      ###.......   69%         5    ######.
 Throw Flame              Conj/Fire      ###...       5%          2    ##.....
 Sticky Flame             Conj/Fire      ###.....     34%         4    ####...
 Inner Flame              Hex/Fire       #.......     26%         3    ###....


Dungeon Overview and Level Annotations

Branches:
Dungeon (3/15)

Altars:
Sif Muna


Innate Abilities, Weirdness & Mutations

You cannot wear most types of armour.
You are very stealthy in the water. (Stealth+)
You are amphibious.
You can wear up to eight rings at the same time.
You can use your tentacles to constrict eight enemies at once.
Your skin changes colour to match your surroundings (Stealth+).
Your rubbery body absorbs attacks. (AC +1, EV +1)


Message History

You hit the orc priest but do no damage.
The orc priest is poisoned.
The orc priest is severely wounded.
You constrict the orc priest, but do no damage.
The orc priest misses you. The orc barely misses you.
Unknown command.
You hit the orc.
The orc is poisoned.
Your grab misses the orc.
The orc is heavily wounded.
You constrict the orc priest, but do no damage.
The orc priest hits you with a falchion.
* * * LOW HITPOINT WARNING * * *
Unknown command.
You hit the orc priest but do no damage.
The orc priest looks as sick as possible!
The orc priest is almost dead.
You constrict the orc priest, but do no damage.
The orc hits you with a mace.
* * * LOW HITPOINT WARNING * * *
The orc priest hits you with a falchion.
You die...

#.# #. #.. .#..
##) .... #)
#... #.
##...##### #.
....#....######
#.
#...g.......#
#####
#.#.o@.####.#
#...# #.o..#
#.# ##.#.#
#......# #.#
#....# #......#
#.# ##....
....#....# #.#
###.##.#
...#######
##.###.......
#.#
#....[.#.....
#.
#######..#.###.
.............(.


You could see an orc priest, an orc and a hobgoblin.

Vanquished Creatures
  Crazy Yiuf (D:2)
  Terence (D:2)
  3 adders (D:2)
  A shadow imp (D:2)
  A worm (D:2)
  2 dart slugs (D:1)
  A leopard gecko (D:1)
  4 orcs (D:3)
  2 giant cockroaches (D:2)
  4 goblins
  6 hobgoblins
  3 jackals (D:1)
  6 bats
  3 frilled lizards (D:2)
  6 kobolds
  10 rats
54 creatures vanquished.

Notes
Turn   | Place    | Note
-------+----------+-------------------------------------------
     0 | D:1      | inc the Octopode Fire Elementalist began the quest for the Orb.
     0 | D:1      | Reached XP level 1. HP: 11/11 MP: 3/3
   285 | D:1      | Reached skill level 2 in Conjurations
   285 | D:1      | Reached XP level 2. HP: 11/17 MP: 1/5
   667 | D:1      | Reached XP level 3. HP: 10/21 MP: 0/6
  1089 | D:2      | Reached skill level 3 in Conjurations
  1375 | D:2      | Found a deep blue altar of Sif Muna.
  1393 | D:2      | Reached XP level 4. HP: 27/27 MP: 2/7
  1453 | D:2      | Found a faded altar of an unknown god.
  1693 | D:2      | Noticed Terence
  1700 | D:2      | Learned a level 3 spell: Conjure Flame
  1762 | D:2      | Killed Terence
  1762 | D:2      | Reached skill level 4 in Conjurations
  1834 | D:2      | Found a runed door.
  2352 | D:2      | Noticed Crazy Yiuf
  2357 | D:2      | Killed Crazy Yiuf
  2357 | D:2      | Reached XP level 5. HP: 31/31 MP: 0/9
  2619 | D:3      | Slain by an orc priest

Vault maps used:
D:1:      minmay_arrival_cross
D:2:      lemuel_crystal_altar, chequers_ecumenical_altar_lobes, uniq_terence,
          uniq_crazy_yiuf_cottage
D:3:      hangedman_decor_clover_reticule, hangedman_glass_teeth, uniq_natasha,
          uniq_robin, uniq_grinder

Skill      XL: |  1  2  3  4  5 |
---------------+----------------+-----
Conjurations   | 2 3 4 |  4.1
Spellcasting   | 3 |  3.0
Dodging        | |  2.0
Stealth        | |  2.6
Fire Magic     | |  3.2

Action                   |  1- 3 |  4- 6 || total
-------------------------+-------+-------++-------
Melee: Unarmed           |    19 |       ||    19
       Constrict         |    12 |     5 ||    17
       Tentacles         |     7 |     1 ||     8
       Dagger            |    23 |    17 ||    40
 Cast: Flame Tongue      |    40 |    46 ||    86
       Conjure Flame     |       |     2 ||     2
  Use: Scroll            |       |     1 ||     1
 Stab: Sleeping          |     1 |     1 ||     2
  Eat: Chunk             |     1 |     5 ||     6
Armor: Skin              |     8 |     2 ||    10
Dodge: Dodged            |    48 |    20 ||    68

Table legend:
 A = Spawn XP
 B = Non-spawn XP
 C = Spawn XP percentage of total XP
 D = Spawn monster count
 E = Non-spawn monster count
 F = Spawn count percentage of total count
 G = Total turns spent on level
                    A         B        C        D         E        F      G
               +---------+---------+-------+---------+---------+-------+---------
         Total |       0 |     212 |   0.0 |       0 |      54 |   0.0 |  2619
               +---------+---------+-------+---------+---------+-------+---------
           D:1 |       0 |      37 |   0.0 |       0 |      21 |   0.0 |  1081
           D:2 |       0 |     156 |   0.0 |       0 |      25 |   0.0 |  1381
           D:3 |       0 |      19 |   0.0 |       0 |       8 |   0.0 |   157
               +---------+---------+-------+---------+---------+-------+---------
